 Dungeon Crawl Stone Soup version 0.29.0-4-gdea44cf6ec (webtiles) character file.

Game seed: 5218210783848750807

6241 qw the Grappler (level 10, -4/94 HPs)
             Began as a Troll Cinder Acolyte on Aug 30, 2022.
             Was a Believer of Ignis.
             Slain by Harold
             ... wielding a +0 mace
              (7 damage)
             ... on level 9 of the Dungeon.
             The game lasted 00:04:49 (7227 turns).

qw the Grappler (Troll Cinder Acolyte)              Turns: 7227, Time: 00:04:50

Health: -4/94      AC: 24    Str: 28    XL:     10   Next: 62%
Magic:  0/10       EV:  1    Int: 10    God:    Ignis [**....]
Gold:   338        SH:  8    Dex:  5    Spells: 11/11 levels left

rFire   + + .      SeeInvis .     - Unarmed
rCold   + + .      Faith    .   e - +0 kite shield
rNeg    . . .      Spirit   +   d - +1 gold dragon scales
rPois   +          Reflect  .   (helmet restricted)
rElec   .          Harm     .   (no cloak)
rCorr   .          Rampage  .   (gloves unavailable)
Will    .....                   (boots unavailable)
Stlth   ..........              h - amulet of guardian spirit
HPRegen 1.05/turn               a - ring of protection from cold
MPRegen 0.12/turn               (no ring)

@: marked, fiery-armoured
A: large, unfitting armour, claws 3, regeneration 1, shaggy fur 1, tough skin 1
a: Renounce Religion, Fiery Armour, Foxfire Swarm, Rising Flame


You were on level 9 of the Dungeon.
You worshipped Ignis.
Ignis was pleased with you.
You visited 1 branch of the dungeon, and saw 9 of its levels.

You collected 486 gold pieces.
You spent 148 gold pieces at shops.


Innate Abilities, Weirdness & Mutations

You are too large for most types of armour.
You have claws for hands.
Your natural rate of healing is unusually fast.
You are covered in fur. (AC +1)
You have tough skin. (AC +1)


   Skills:
 - Level 4.4 Fighting
 - Level 1.3 Throwing
 - Level 4.3 Armour
 + Level 7.7 Shields
 - Level 12.0 Unarmed Combat
 - Level 1.0 Spellcasting
 - Level 2.1 Fire Magic


You had 11 spell levels left.
You didn't know any spells.
Your spell library contained the following spells:

 Spells                   Type           Power      Damage    Failure   Level
 Scorch                   Fire           8%         2d5       100%        2

Inventory:

Missiles
 j - 2 boomerangs (quivered)
Armour
 d - +1 gold dragon scales (worn)
 e - a +0 kite shield (worn)
 l - +0 fire dragon scales
Jewellery
 a - a ring of protection from cold (left claw)
 f - a ring of see invisible
 h - an amulet of guardian spirit (around neck)
Scrolls
 g - 6 scrolls of identify
 k - 2 scrolls of enchant weapon
Potions
 b - 2 potions of haste
 c - a potion of might
 i - 5 potions of curing

Dungeon Overview and Level Annotations

Branches:
Dungeon (9/15)             Temple (0/1) D:7
   Lair: D:8-11         Orc: D:9-12

Altars:
Dithmenos
Fedhas
Gozag
Kikubaaqudgha
Makhleb
Nemelex Xobeh
Okawaru
Qazlal
Ru
Trog
Vehumet
Wu Jian
Zin

Shops:
D:2 [   D:5 ?

Annotations:
D:9 Harold


Message History

You feel sick.
The water moccasin bites you but does no damage.
The water moccasin is burned by your cloak of flames.
You kill the water moccasin!
Found a radiant altar of Vehumet.
You feel sick.
You mangle the killer bee!!
You kill the killer bee!
Your surroundings seem slightly different.
Found three altars.
You feel sick.
You swing at nothing.
You feel sick.
You swing at nothing.
You feel sick.
You swing at nothing.
You feel sick.
You swing at nothing.
You feel sick.
You swing at nothing.
You feel sick.
You swing at nothing.
You feel sick.
You are no longer poisoned.
Something hits you but does no damage.
You swing at nothing.
Something hits you.
You swing at nothing.
You swing at nothing.
A two-headed ogre comes into view.
It is wielding a +0 giant spiked club and a +0 giant club.
Something hits you but does no damage. Something hits you!
A throwing net appears from out of thin air!
The throwing net hits you.
You become entangled in the net!
You see here a throwing net.
You tear a large gash into the net.
You struggle against the net.
Something hits you.
You rip the net and break free!
You block the two-headed ogre's attack. x2; Something hits you!
You die...

##...............#........
##....%...................
#.....#...................
......#................#..
#....#.............#...#.#
.....#.............#......
..........##..............
...._.....................
.........@O......###......
................[.##>.....
._..7.._............<.....
..........................
........##.......##.......
...._...# ###.... ........
......### ..####.......
###### #.# ###...## ...#


You could see a two-headed ogre.

Vanquished Creatures
  Pikel (D:5)
  A wyvern (D:7)
  11 yaks
  A steam dragon (D:9)
  An acid dragon (D:8)
  3 swamp worms (D:7)
  A water moccasin (D:9)
  Duvessa (D:7)
  A black bear (D:5)
  An orc warrior (D:6)
  An ice beast (D:5)
  An ogre (D:6)
  4 centaurs
  A lemure (D:5)
  2 phantoms (D:5)
  A kobold brigand (D:8)
  A bullfrog (D:8)
  2 scorpions
  A necrophage (D:5)
  3 gnoll sergeants
  12 wights
  Dowan (D:7)
  A killer bee (D:9)
  3 howler monkeys (D:8)
  7 orc priests
  6 hounds
  5 iguanas
  Natasha (thrice) (D:4)
  4 orc wizards
  15 gnolls
  9 adders
  An ufetubus (D:4)
  2 worms
  A dart slug (D:1)
  27 orcs
  9 bats
  7 endoplasms
  9 giant cockroaches
  4 goblins
  12 hobgoblins
  9 jackals (D:2)
  9 kobolds
  7 quokkas
  10 ball pythons
  5 frilled lizards
  16 rats
233 creatures vanquished.

Vanquished Creatures (others)
  2 fungi (D:1)
  3 plants (D:7)
5 creatures vanquished.

Grand Total: 238 creatures vanquished

Notes
Turn   | Place    | Note
-------+----------+-------------------------------------------
     0 | D:1      | qw the Troll Cinder Acolyte began the quest for the Orb.
     0 | D:1      | Reached XP level 1. HP: 22/22 MP: 1/1
     0 | D:1      | 0 ||| qw: Version: 0.1-a-95-gae9e614
     0 | D:1      | 0 ||| qw: Game counter: 4376
     0 | D:1      | 0 ||| qw: Always use a shield: true
     0 | D:1      | 0 ||| qw: God list: Okawaru
     0 | D:1      | 0 ||| qw: Allow faded altars: false
     0 | D:1      | 0 ||| qw: Do Orc after D:15 true
     0 | D:1      | 0 ||| qw: Do second Lair branch before Depths: true
     0 | D:1      | 0 ||| qw: Lair rune preference: random
     0 | D:1      | 0 ||| qw: Plans: Normal
     0 | D:1      | 0 ||| PLANNING D:1-11
   107 | D:1      | You fall into a shaft and drop 1 floor!
   107 | D:2      | Found a sparkling altar of Nemelex Xobeh.
   152 | D:2      | Reached XP level 2. HP: 28/29 MP: 2/2
   170 | D:2      | 170 ||| Stepping ~*~*~tactically~*~*~ (hiding).
   185 | D:2      | Reached skill level 4 in Unarmed Combat
   185 | D:2      | Reached XP level 3. HP: 35/36 MP: 3/3
   193 | D:2      | 193 ||| Stepping ~*~*~tactically~*~*~ (stealth).
   207 | D:2      | 207 ||| Stepping ~*~*~tactically~*~*~ (stealth).
   295 | D:2      | Found Ylloruib's Antique Armour Shoppe.
   299 | D:2      | 299 ||| READING scroll labelled HUNE OFYSCHU.
   300 | D:2      | 300 ||| READING scroll labelled KEMUHA IDDOM.
   301 | D:2      | 301 ||| READING scroll labelled ETHAUDW XUESE.
   302 | D:2      | 302 ||| READING scroll labelled KIETEX WEITO.
   303 | D:2      | 303 ||| READING scroll labelled FUURUEFAJE.
   321 | D:2      | 321 ||| DRINKING 2 viscous puce potions.
   357 | D:2      | 357 ||| DROPPING potion of lignification.
   545 | D:1      | Reached XP level 4. HP: 44/44 MP: 4/4
   569 | D:1      | 569 ||| Stepping ~*~*~tactically~*~*~ (hiding).
   582 | D:1      | Reached skill level 5 in Unarmed Combat
   587 | D:1      | 587 ||| Stepping ~*~*~tactically~*~*~ (stealth).
   599 | D:1      | 599 ||| Stepping ~*~*~tactically~*~*~ (stealth).
   601 | D:1      | 601 ||| Stepping ~*~*~tactically~*~*~ (stealth).
   608 | D:1      | 608 ||| Stepping ~*~*~tactically~*~*~ (stealth).
   623 | D:1      | Found a faded altar of an unknown god.
   752 | D:1      | 752 ||| DRINKING 2 bubbling amethyst potions.
   990 | D:2      | 990 ||| Stepping ~*~*~tactically~*~*~ (stealth).
  1082 | D:2      | 1082 ||| Stepping ~*~*~tactically~*~*~ (stealth).
  1317 | D:2      | 1317 ||| Stepping ~*~*~tactically~*~*~ (stealth).
  1323 | D:2      | 1323 ||| Stepping ~*~*~tactically~*~*~ (stealth).
  1329 | D:2      | 1329 ||| Stepping ~*~*~tactically~*~*~ (outnumbered).
  1331 | D:2      | 1331 ||| INVOKING Fiery Armour.
  1332 | D:2      | 1332 ||| Stepping ~*~*~tactically~*~*~ (outnumbered).
  1348 | D:2      | 1348 ||| Stepping ~*~*~tactically~*~*~ (stealth).
  1349 | D:2      | 1349 ||| Stepping ~*~*~tactically~*~*~ (stealth).
  1381 | D:2      | 1381 ||| Stepping ~*~*~tactically~*~*~ (stealth).
  1457 | D:2      | 1457 ||| READING scroll labelled GIDWIR UZOSH.
  1558 | D:2      | 1558 ||| READING scroll labelled GOW BE AZEPH.
  1559 | D:2      | 1559 ||| DRINKING 2 silvery potions.
  1560 | D:2      | 1560 ||| DRINKING 3 orange potions.
  1561 | D:2      | 1561 ||| DROPPING potion of flight.
  1621 | D:3      | 1621 ||| Stepping ~*~*~tactically~*~*~ (stealth).
  1625 | D:3      | Reached XP level 5. HP: 50/50 MP: 5/5
  1802 | D:3      | Found a bloodstained altar of Trog.
  1848 | D:3      | 1848 ||| Stepping ~*~*~tactically~*~*~ (outnumbered).
  1852 | D:3      | 1852 ||| Stepping ~*~*~tactically~*~*~ (outnumbered).
  1860 | D:3      | Reached skill level 6 in Unarmed Combat
  1860 | D:3      | 1860 ||| FLEEEEING.
  1861 | D:3      | 1861 ||| FLEEEEING.
  2277 | D:3      | 2277 ||| Stepping ~*~*~tactically~*~*~ (stealth).
  2278 | D:3      | 2278 ||| Stepping ~*~*~tactically~*~*~ (stealth).
  2280 | D:3      | 2280 ||| Stepping ~*~*~tactically~*~*~ (stealth).
  2420 | D:3      | 2420 ||| READING scroll labelled MOKIAC KYLAIRPHOVU.
  2421 | D:3      | 2421 ||| READING scroll labelled CANLYM UXKORAERCHIU.
  2422 | D:3      | 2422 ||| READING 3 scrolls labelled VEEZUT IKHLUM.
  2423 | D:3      | 2423 ||| READING scroll labelled ZIV PADAGO.
  2426 | D:3      | 2426 ||| DROPPING 2 scrolls of immolation.
  2471 | D:4      | 2471 ||| PLANNING SEWER
  2476 | D:4      | Noticed Natasha
  2477 | D:4      | 2477 ||| STAIRDANCE
  2489 | D:4      | Killed Natasha
  2557 | D:4      | Found a blossoming altar of Fedhas.
  2610 | D:4      | Noticed Natasha
  2614 | D:4      | Killed Natasha
  2615 | D:4      | Reached XP level 6. HP: 59/59 MP: 6/6
  2910 | D:4      | Reached skill level 7 in Unarmed Combat
  2951 | D:4      | Found a sacrificial altar of Ru.
  2976 | D:4      | Noticed Natasha
  2977 | D:4      | 2977 ||| Stepping ~*~*~tactically~*~*~ (stealth).
  2979 | D:4      | 2979 ||| Stepping ~*~*~tactically~*~*~ (hiding).
  2988 | D:4      | Killed Natasha
  3098 | D:4      | 3098 ||| RIP SEWER
  3220 | D:4      | 3220 ||| PLANNING D:1-11
  3298 | D:4      | 3298 ||| DROPPING ring of magical power.
  3299 | D:4      | 3299 ||| READING scroll labelled SICIAFIAJI.
  3299 | D:4      | Identified a scroll of acquirement
  3299 | D:4      | 3299 ||| ACQUIRING amulet of guardian spirit
  3299 | D:4      | Acquired an amulet of guardian spirit
  3301 | D:4      | 3301 ||| UPGRADING to amulet of guardian spirit.
  3306 | D:4      | 3306 ||| READING 2 scrolls of identify.
  3306 | D:4      | 3306 ||| IDENTIFYING inky potion
  3307 | D:4      | 3307 ||| DROPPING potion of berserk rage.
  3379 | D:4      | 3379 ||| READING scroll of teleportation.
  3380 | D:4      | 3380 ||| STAIRDANCE
  3406 | D:5      | Entered Level 5 of the Dungeon
  3436 | D:5      | Found a stormy altar of Qazlal.
  3442 | D:5      | Noticed an ice beast
  3452 | D:5      | 3452 ||| Stepping ~*~*~tactically~*~*~ (outnumbered).
  3453 | D:5      | Killed an ice beast
  3458 | D:5      | Reached skill level 8 in Unarmed Combat
  3458 | D:5      | Reached XP level 7. HP: 44/66 MP: 3/7
  3555 | D:5      | 3555 ||| READING scroll of acquirement.
  3555 | D:5      | 3555 ||| ACQUIRING +0 gold dragon scales
  3555 | D:5      | Acquired +0 gold dragon scales
  3557 | D:5      | 3557 ||| UPGRADING to +0 gold dragon scales.
  3567 | D:5      | 3567 ||| DROPPING +0 robe.
  3575 | D:5      | 3575 ||| DROPPING orb of light.
  3582 | D:5      | Noticed Pikel
  3583 | D:5      | 3583 ||| Stepping ~*~*~tactically~*~*~ (stealth).
  3604 | D:5      | 3604 ||| Stepping ~*~*~tactically~*~*~ (stealth).
  3606 | D:5      | 3606 ||| Stepping ~*~*~tactically~*~*~ (stealth).
  3621 | D:5      | Killed Pikel
  3622 | D:5      | Reached XP level 8. HP: 71/74 MP: 6/8
  3658 | D:5      | 3658 ||| Stepping ~*~*~tactically~*~*~ (hiding).
  3684 | D:5      | Found an ancient bone altar of Kikubaaqudgha.
  3718 | D:5      | Found a glowing silver altar of Zin.
  3814 | D:5      | Found Hiaf Fup's Magic Scroll Boutique.
  3841 | D:5      | 3841 ||| Stepping ~*~*~tactically~*~*~ (hiding).
  3852 | D:5      | Reached skill level 3 in Fighting
  4293 | D:5      | Reached skill level 9 in Unarmed Combat
  4325 | D:5      | 4325 ||| BUYING 3 scrolls of identify (66 gold).
  4325 | D:5      | Bought 3 scrolls of identify for 66 gold pieces
  4325 | D:5      | 4325 ||| SHOPLISTING scroll of brand weapon (104 gold, have
                  | 93).
  4325 | D:5      | 4325 ||| BUYING scroll of enchant weapon (82 gold).
  4325 | D:5      | Bought a scroll of enchant weapon for 82 gold pieces
  4325 | D:5      | 4325 ||| SHOPLISTING scroll of identify (22 gold, have 11).
  4325 | D:5      | 4325 ||| SHOPLISTING scroll of teleportation (33 gold, have
                  | 11).
  4377 | D:5      | 4377 ||| READING 7 scrolls of identify.
  4377 | D:5      | 4377 ||| IDENTIFYING sedimented red potion
  4378 | D:5      | 4378 ||| READING 6 scrolls of identify.
  4378 | D:5      | 4378 ||| IDENTIFYING lumpy sapphire potion
  4379 | D:5      | 4379 ||| READING 5 scrolls of identify.
  4379 | D:5      | 4379 ||| IDENTIFYING bubbling purple potion
  4380 | D:5      | 4380 ||| READING 4 scrolls of identify.
  4380 | D:5      | 4380 ||| IDENTIFYING metallic brown potion
  4381 | D:5      | 4381 ||| DROPPING potion of magic.
  4382 | D:5      | 4382 ||| DROPPING potion of degeneration.
  4383 | D:5      | 4383 ||| DROPPING potion of ambrosia.
  4402 | D:4      | 4402 ||| Stepping randomly (stuck).
  4440 | D:6      | Identified the +1 glaive "Risafeu" {venom, rElec Will-
                  | Int+5}
  4610 | D:6      | 4610 ||| Stepping ~*~*~tactically~*~*~ (hiding).
  4612 | D:6      | 4612 ||| Stepping ~*~*~tactically~*~*~ (hiding).
  4621 | D:6      | Reached skill level 10 in Unarmed Combat
  4625 | D:6      | 4625 ||| Stepping ~*~*~tactically~*~*~ (stealth).
  4628 | D:6      | 4628 ||| Stepping ~*~*~tactically~*~*~ (stealth).
  4633 | D:6      | 4633 ||| Stepping ~*~*~tactically~*~*~ (stealth).
  4634 | D:6      | 4634 ||| Stepping ~*~*~tactically~*~*~ (stealth).
  4674 | D:6      | 4674 ||| Stepping ~*~*~tactically~*~*~ (hiding).
  4679 | D:6      | 4679 ||| INVOKING Fiery Armour.
  4682 | D:6      | 4682 ||| Stepping ~*~*~tactically~*~*~ (outnumbered).
  4686 | D:6      | 4686 ||| Stepping ~*~*~tactically~*~*~ (outnumbered).
  4687 | D:6      | 4687 ||| Stepping ~*~*~tactically~*~*~ (outnumbered).
  4952 | D:6      | 4952 ||| Stepping ~*~*~tactically~*~*~ (hiding).
  4954 | D:6      | 4954 ||| FLEEEEING.
  4955 | D:6      | 4955 ||| FLEEEEING.
  4956 | D:6      | 4956 ||| FLEEEEING.
  4979 | D:6      | Reached XP level 9. HP: 84/84 MP: 9/9
  5392 | D:6      | 5392 ||| UPGRADING to ring of protection from cold.
  5393 | D:6      | 5393 ||| READING scroll labelled FYROWUKLIGHU.
  5417 | D:7      | Found a burning altar of Makhleb.
  5434 | D:7      | 5434 ||| Stepping ~*~*~tactically~*~*~ (outnumbered).
  5437 | D:7      | 5437 ||| INVOKING Fiery Armour.
  5438 | D:7      | 5438 ||| Stepping ~*~*~tactically~*~*~ (outnumbered).
  5447 | D:7      | Reached skill level 1 in Throwing
  5451 | D:7      | HP: 17/84 [swamp worm (12)]
  5452 | D:7      | 5452 ||| DRINKING potion of heal wounds.
  5461 | D:7      | 5461 ||| Stepping ~*~*~tactically~*~*~ (outnumbered).
  5463 | D:7      | 5463 ||| Stepping ~*~*~tactically~*~*~ (outnumbered).
  5467 | D:7      | Reached skill level 11 in Unarmed Combat
  5559 | D:7      | 5559 ||| Stepping ~*~*~tactically~*~*~ (outnumbered).
  5560 | D:7      | 5560 ||| Stepping ~*~*~tactically~*~*~ (outnumbered).
  5561 | D:7      | 5561 ||| Stepping ~*~*~tactically~*~*~ (outnumbered).
  5563 | D:7      | 5563 ||| Stepping ~*~*~tactically~*~*~ (outnumbered).
  5564 | D:7      | 5564 ||| Stepping ~*~*~tactically~*~*~ (outnumbered).
  5655 | D:7      | 5655 ||| INVOKING Fiery Armour.
  5687 | D:7      | Found an iron altar of Okawaru.
  5785 | D:7      | 5785 ||| Stepping ~*~*~tactically~*~*~ (hiding).
  5789 | D:7      | 5789 ||| FLEEEEING.
  5819 | D:7      | Noticed Duvessa
  5819 | D:7      | Noticed Dowan
  5820 | D:7      | 5820 ||| INVOKING Fiery Armour.
  5822 | D:7      | 5822 ||| Stepping ~*~*~tactically~*~*~ (outnumbered).
  5825 | D:7      | Killed Duvessa
  5826 | D:7      | Reached skill level 12 in Unarmed Combat
  5831 | D:7      | Killed Dowan
  5885 | D:7      | Found a staircase to the Ecumenical Temple.
  6019 | D:7      | 6019 ||| UPGRADING to +0 kite shield.
  6024 | D:7      | 6024 ||| READING 6 scrolls of identify.
  6024 | D:7      | 6024 ||| IDENTIFYING smoky yellow potion
  6025 | D:7      | 6025 ||| DROPPING potion of invisibility.
  6101 | D:7      | 6101 ||| Stepping randomly (stuck).
  6200 | D:7      | 6200 ||| Stepping randomly (stuck).
  6232 | D:8      | 6232 ||| STAIRDANCE
  6243 | D:7      | Reached skill level 1 in Shields
  6252 | D:8      | 6252 ||| STAIRDANCE
  6254 | D:7      | 6254 ||| Stepping ~*~*~tactically~*~*~ (outnumbered).
  6255 | D:7      | 6255 ||| Stepping ~*~*~tactically~*~*~ (outnumbered).
  6256 | D:7      | 6256 ||| Stepping ~*~*~tactically~*~*~ (outnumbered).
  6257 | D:7      | 6257 ||| Stepping ~*~*~tactically~*~*~ (outnumbered).
  6258 | D:7      | 6258 ||| Stepping ~*~*~tactically~*~*~ (outnumbered).
  6259 | D:7      | 6259 ||| Stepping ~*~*~tactically~*~*~ (outnumbered).
  6260 | D:7      | 6260 ||| Stepping ~*~*~tactically~*~*~ (outnumbered).
  6261 | D:7      | 6261 ||| Stepping ~*~*~tactically~*~*~ (outnumbered).
  6263 | D:7      | 6263 ||| Stepping ~*~*~tactically~*~*~ (outnumbered).
  6325 | D:8      | 6325 ||| STAIRDANCE
  6346 | D:8      | 6346 ||| INVOKING Fiery Armour.
  6348 | D:8      | 6348 ||| Stepping ~*~*~tactically~*~*~ (outnumbered).
  6352 | D:8      | Reached skill level 3 in Shields
  6352 | D:8      | 6352 ||| Stepping ~*~*~tactically~*~*~ (outnumbered).
  6353 | D:8      | 6353 ||| Stepping ~*~*~tactically~*~*~ (outnumbered).
  6355 | D:8      | 6355 ||| Stepping ~*~*~tactically~*~*~ (outnumbered).
  6356 | D:8      | 6356 ||| Stepping ~*~*~tactically~*~*~ (outnumbered).
  6369 | D:8      | Reached XP level 10. HP: 89/94 MP: 8/10
  6480 | D:8      | 6480 ||| INVOKING Fiery Armour.
  6482 | D:8      | 6482 ||| Stepping ~*~*~tactically~*~*~ (outnumbered).
  6483 | D:8      | 6483 ||| Stepping ~*~*~tactically~*~*~ (outnumbered).
  6486 | D:8      | 6486 ||| Stepping ~*~*~tactically~*~*~ (outnumbered).
  6567 | D:8      | 6567 ||| Stepping ~*~*~tactically~*~*~ (stealth).
  6569 | D:8      | 6569 ||| Stepping ~*~*~tactically~*~*~ (stealth).
  6574 | D:8      | 6574 ||| Stepping ~*~*~tactically~*~*~ (stealth).
  6576 | D:8      | 6576 ||| Stepping ~*~*~tactically~*~*~ (stealth).
  6580 | D:8      | 6580 ||| Stepping ~*~*~tactically~*~*~ (stealth).
  6585 | D:8      | 6585 ||| Stepping ~*~*~tactically~*~*~ (stealth).
  6674 | D:8      | 6674 ||| FLEEEEING.
  6675 | D:8      | 6675 ||| FLEEEEING.
  6676 | D:8      | 6676 ||| FLEEEEING.
  6677 | D:8      | 6677 ||| FLEEEEING.
  6678 | D:8      | 6678 ||| FLEEEEING.
  6684 | D:8      | Reached skill level 6 in Shields
  6698 | D:8      | 6698 ||| READING scroll of enchant armour.
  6698 | D:8      | 6698 ||| ENCHANTING +0 gold dragon scales.
  6703 | D:8      | Identified the +6 long sword "Sedewou" {flame, rElec rF+
                  | Int-3}
  6937 | D:9      | 6937 ||| Stepping ~*~*~tactically~*~*~ (hiding).
  6943 | D:9      | 6943 ||| FLEEEEING.
  6945 | D:9      | 6945 ||| Stepping ~*~*~tactically~*~*~ (outnumbered).
  6946 | D:9      | 6946 ||| Stepping ~*~*~tactically~*~*~ (outnumbered).
  6968 | D:9      | 6968 ||| FLEEEEING.
  7003 | D:9      | 7003 ||| INVOKING Fiery Armour.
  7008 | D:9      | 7008 ||| Stepping ~*~*~tactically~*~*~ (outnumbered).
  7009 | D:9      | 7009 ||| Stepping ~*~*~tactically~*~*~ (outnumbered).
  7010 | D:9      | 7010 ||| Stepping ~*~*~tactically~*~*~ (outnumbered).
  7011 | D:9      | 7011 ||| Stepping ~*~*~tactically~*~*~ (outnumbered).
  7016 | D:9      | 7016 ||| Stepping ~*~*~tactically~*~*~ (outnumbered).
  7017 | D:9      | 7017 ||| Stepping ~*~*~tactically~*~*~ (outnumbered).
  7018 | D:9      | 7018 ||| Stepping ~*~*~tactically~*~*~ (outnumbered).
  7019 | D:9      | 7019 ||| Stepping ~*~*~tactically~*~*~ (outnumbered).
  7020 | D:9      | 7020 ||| Stepping ~*~*~tactically~*~*~ (outnumbered).
  7193 | D:9      | Noticed Harold
  7203 | D:9      | 7203 ||| INVOKING Fiery Armour.
  7207 | D:9      | HP: 22/94 [something (3)]
  7208 | D:9      | 7208 ||| READING scroll of teleportation.
  7210 | D:9      | HP: 9/94 [poisoned by a water moccasin]
  7212 | D:9      | Found a radiant altar of Vehumet.
  7212 | D:9      | HP: 4/94 [poisoned by a water moccasin]
  7213 | D:9      | Found a shadowy altar of Dithmenos.
  7213 | D:9      | Found an ornate altar of the Wu Jian Council.
  7213 | D:9      | Found an opulent altar of Gozag.
  7217 | D:9      | HP: 3/94 [poisoned by a water moccasin]
  7222 | D:9      | Noticed a two-headed ogre
  7223 | D:9      | HP: 1/94 [something (6)]
  7227 | D:9      | Slain by Harold

Levels and vault maps discovered:
D:1:      amcnicky_arrival_blooded_trapdoor, layout_basic,
          shapermc_ecumenical_altar_rom_forum, minmay_rat_gold_closets
D:2:      kennysheep_big_flooded_room, layout_basic, basic_altar, serial_shops,
          nicolae_shop_stone, nicolae_eternal_life, minmay_indecisive_spiral
D:3:      layout_loops_ring, marbit_many_paths
D:4:      layout_loops_ring, lemuel_doored_altar, lemuel_tele_altar,
          gup_sewer_entry_bubbles, nicolae_elevator_lobby_plus, uniq_natasha
D:5:      layout_loops_ring, nicolae_qazlal_general_emergency,
          amcnicky_altar_gilded, mainiacjoe_overflow_catwalk,
          kennysheep_windowed_goal, uniq_pikel
D:6:      layout_basic
D:7:      layout_rooms, nicolae_overflow_hidden_temple,
          okawaru_ov_weapons_minmay, minmay_temple_entry_fiery, worms_lemuel,
          uniq_duvessa
D:8:      layout_rooms, minmay_misc_feat_rugged, minmay_misc_feat_square
D:9:      layout_cave_pools, grunt_temple_overflow_open, hiddenorc1_lemuel,
          serial_bayou_crossing, uniq_harold

Skill      XL: |  1  2  3  4  5  6  7  8  9 10 |
---------------+-------------------------------+-----
Unarmed Combat | 4 5 6 8 10 12 | 12.0
Armour         | 4 |  4.3
Fighting       | 4 |  4.4
Throwing       | 1 |  1.3
Shields        | 3 7 |  7.7
Spellcasting   | |  1.0
Fire Magic     | |  2.1

Action                   |  1- 3 |  4- 6 |  7- 9 | 10-12 || total
-------------------------+-------+-------+-------+-------++-------
Melee: Unarmed           |   108 |   202 |   243 |    91 ||   644
       Punch             |       |     4 |     8 |       ||    12
Throw: Boomerang         |       |       |     9 |    10 ||    19
Invok: Fiery Armour      |       |     1 |     5 |     3 ||     9
  Use: Scroll            |     5 |     9 |     7 |     2 ||    23
       Potion            |     1 |     3 |     1 |       ||     5
Armor: Robe              |    31 |    60 |       |       ||    91
       Gold dragon scale |       |       |   185 |    66 ||   251
Dodge: Dodged            |    33 |    88 |    22 |     2 ||   145
Block: Kite shield       |       |       |    21 |    30 ||    51

Table legend:
 A = Non-vault XP
 B = Vault XP
 C = Vault XP percentage of total XP
 D = Non-vault monster count
 E = Vault monster count
 F = Vault count percentage of total count
                 A         B        C        D         E       F
            +---------+---------+-------+---------+---------+-------
      Total |    7395 |    1522 |  17.1 |     199 |      33 |  14.2
            +---------+---------+-------+---------+---------+-------
        D:1 |      49 |       9 |  15.5 |      29 |       9 |  23.7
        D:2 |     110 |      10 |   8.3 |      30 |       6 |  16.7
        D:3 |     117 |       2 |   1.7 |      22 |       1 |   4.3
        D:4 |     178 |      74 |  29.4 |      10 |       8 |  44.4
        D:5 |     710 |     740 |  51.0 |      18 |       4 |  18.2
        D:6 |     845 |       0 |   0.0 |      21 |       0 |   0.0
        D:7 |    1607 |     687 |  29.9 |      31 |       5 |  13.9
        D:8 |    2037 |       0 |   0.0 |      23 |       0 |   0.0
        D:9 |    1742 |       0 |   0.0 |      15 |       0 |   0.0
            +---------+---------+-------+---------+---------+-------
